 Dungeon Crawl Stone Soup version 0.28.0-47-ge53b351184 (webtiles) character file.

Game seed: 9670984000549147748

1904 Zeld the Conjurer (level 8, -7/103 HPs)
             Began as a Red Draconian Conjurer on Apr 29, 2022.
             Was an Initiate of Vehumet.
             Succumbed to a water moccasin's poison
             ... on level 5 of the Dungeon.
             The game lasted 00:10:48 (8750 turns).

Zeld the Conjurer (Red Draconian Conjurer)          Turns: 8750, Time: 00:10:48

Health: -7/103     AC: 24    Str:  9    XL:     8   Next: 94%
Magic:  15/15      EV:  2    Int: 22    God:    Vehumet [......]
Gold:   347        SH:  5    Dex:  9    Spells: 5/16 levels left

rFire   . . .      SeeInvis .   (no weapon)
rCold   . . .      Faith    .   (no shield)
rNeg    . . .      Spirit   .   (armour unavailable)
rPois   +          Reflect  +   (helmet currently unavailable)
rElec   .          Harm     .   (cloak currently unavailable)
rCorr   .          Rampage  .   (gloves currently unavailable)
Will    .....      NoTele   +   (boots currently unavailable)
Stlth   ++........              f - amulet of reflection
HPRegen 0.27/turn               j - ring of wizardry
MPRegen 0.14/turn               (no ring)

@: lethally poisoned (-7 -> -43), short of breath, tree-form
A: stationary, stasis, torment immunity, boosted hp, (breathe fire), AC +6,
unfitting armour, (fire resistance 1), (cold-blooded)
a: Renounce Religion


You were on level 5 of the Dungeon.
You worshipped Vehumet.
Vehumet was noncommittal.
You were a tree.
You visited 2 branches of the dungeon, and saw 6 of its levels.
You also visited: Ossuary.

You collected 347 gold pieces.

Inventory:

Jewellery
 f - an amulet of reflection (around neck)
 j - a ring of wizardry (left branch)
Wands
 n - a wand of flame (5)
Scrolls
 b - 8 scrolls of identify {unknown}
 c - 2 scrolls of teleportation {unknown}
 d - 3 scrolls of vulnerability {unknown}
 e - a scroll of fog {unknown}
 g - 2 scrolls of immolation {unknown}
 k - a scroll of summoning {unknown}
 l - 2 scrolls of brand weapon {unknown}
 t - a scroll of enchant armour {unknown}
Potions
 a - 4 potions of attraction {unknown}
 h - a potion of heal wounds {unknown}
 i - a potion of cancellation {unknown}
 m - 3 potions of lignification
 o - a potion of haste {unknown}
 p - a potion of magic
 q - a potion of mutation {unknown}
 r - 2 potions of curing {unknown}
 s - a potion of resistance {unknown}


   Skills:
 * Level 5.4 Fighting
 + Level 3.5 Dodging
 + Level 3.7 Stealth
 * Level 4.9 Spellcasting
 * Level 6.5 Conjurations
 - Level 2.0 Hexes
 - Level 2.0 Translocations
 * Level 3.6 Fire Magic
 * Level 2.8 Evocations


You had 5 spell levels left.
You knew the following spells:

 Your Spells              Type           Power      Damage    Failure   Level
a - Magic Dart            Conj           100%       1d8       1%          1
b - Searing Ray           Conj           68%        2d6       1%          2
c - Fulminant Prism       Conj/Hex       12%        3d9       7%          4
d - Iskenderun's Mystic   Conj/Tloc      24%        2d7       7%          4

Your spell library contained the following spells:

 Spells                   Type           Power      Damage    Failure   Level
 Dazzling Flash           Conj/Hex       48%        N/A       2%          3


Dungeon Overview and Level Annotations

Branches:
Dungeon (5/15)             Temple (1/1) D:5         Ossuary (visited)

Altars:
Ashenzari
Cheibriados
Dithmenos
Elyvilon
Fedhas
Gozag
Hepliaklqana
Kikubaaqudgha
Makhleb
Nemelex Xobeh
Okawaru
Qazlal
Ru
Sif Muna
Trog
Uskayaw
Vehumet
Wu Jian
Xom
Yredelemnul
Zin
The Shining One

Shops:
D:1 ::=[(   D:4 [


Innate Abilities, Weirdness & Mutations

You are a tree.
Your roots penetrate the ground, keeping you stationary.
You cannot be teleported.
You are immune to unholy pain and torment.
Your maximum health is greatly increased.
Your equipment is partially melded.
((You can breathe blasts of fire.))
((Your fiery red scales are hard. (AC +6)))
You cannot fit into any form of body armour.
((Your flesh is heat resistant. (rF+)))
((You are cold-blooded and may be slowed by cold attacks.))


Message History

Aim: a water moccasin (68% to hit)
The searing ray hits the water moccasin.
The water moccasin is lightly wounded. (Press . to maintain the ray.)
You feel sick. The water moccasin bites you.
You are more poisoned.
The water moccasin poisons you!
The water moccasin bites you but does no damage.
The searing ray misses the water moccasin.
The searing ray hits the phantom!
The phantom is heavily damaged.
You feel very sick. You block the water moccasin's attack.
The searing ray hits the water moccasin.
The water moccasin is moderately wounded.
The searing ray hits the phantom!
The phantom is severely damaged.
You feel very sick. The water moccasin misses you.
The searing ray hits the water moccasin!
The water moccasin is severely wounded.
The searing ray hits the phantom but does no damage.
The phantom is severely damaged.
You finish channelling your searing ray.
You feel very sick. The water moccasin bites you.
* * * LOW HITPOINT WARNING * * *
You are lethally poisoned!
The water moccasin poisons you! The water moccasin bites you!
* * * LOW HITPOINT WARNING * * *
You are more poisoned.
The water moccasin poisons you!
It was a potion of lignification.
You turn into a tree.
Your roots penetrate the ground.
* * * LOW HITPOINT WARNING * * *
You feel extremely sick. You block the water moccasin's attack.
Unknown command.
It was a potion of magic.
Magic courses through your body.
You die...

##### #...# +.8.# #...#
#.#...### #'.8.'○#
#..#...#W# ### #..
#...#S# ##.## #..
#'.8.#♣###########...##
'.
##...#.........##.....#
# #####.##......###....#
#.............#....###
##....................
####....................
#.......................
#.>......<...#...###....
#....#.......##.###.....


You could see a phantom and a water moccasin.

Vanquished Creatures
  Eustachio (D:4)
  Menkaure (D:5)
  Pargi (D:3)
  2 ice beasts
  3 ogres
  Blork the orc (D:4)
  A scorpion (D:4)
  A water moccasin skeleton (D:5)
  3 water moccasin zombies
  A killer bee (D:4)
  A howler monkey (D:5)
  4 hounds
  2 jellies
  3 orc priests
  Ijyb (D:3)
  3 orc wizards
  A scorpion zombie (D:5)
  2 hound skeletons
  2 mummies (Ossuary)
  Robin (D:3)
  8 adders
  4 adder zombies (Ossuary)
  3 adder skeletons (D:4)
  2 worms
  3 dart slugs (D:1)
  13 orcs
  7 endoplasms
  3 giant cockroaches
  9 goblins
  8 hobgoblins
  7 jackals
  6 kobolds
  3 quokkas
  7 ball pythons
  10 bats
  4 frilled lizards
  5 gnoll zombies (Ossuary)
  A goblin zombie (D:5)
  2 hobgoblin zombies (Ossuary)
  9 kobold zombies
  3 orc zombies (Ossuary)
  6 rats
158 creatures vanquished.

Vanquished Creatures (others)
  A fulminant prism (Ossuary)
1 creature vanquished.

Grand Total: 159 creatures vanquished

Notes
Turn   | Place    | Note
-------+----------+-------------------------------------------
     0 | D:1      | Zeld the Draconian Conjurer began the quest for the Orb.
     0 | D:1      | Reached XP level 1. HP: 14/14 MP: 3/3
   267 | D:1      | Reached XP level 2. HP: 22/22 MP: 1/5
   316 | D:1      | Learned a level 2 spell: Searing Ray
   426 | D:1      | Found Wudghepus's Book Boutique.
   435 | D:1      | Reached skill level 1 in Fighting
   499 | D:1      | Found Lona Kuh's Book Boutique.
   696 | D:1      | Found Naxumic's Jewellery Shop.
   789 | D:1      | Found Ruhaoson's Antique Weapon Shop.
  1205 | D:1      | Found Noeplah's Antique Armour Shoppe.
  1264 | D:1      | Reached XP level 3. HP: 26/28 MP: 0/6
  1662 | D:2      | Found a faded altar of an unknown god.
  2926 | D:3      | Reached XP level 4. HP: 36/36 MP: 5/7
  2928 | D:3      | Noticed Robin
  3008 | D:3      | Killed Robin
  3434 | D:3      | Noticed Ijyb
  3456 | D:3      | Killed Ijyb
  3652 | D:3      | Noticed Pargi
  3659 | D:3      | Reached XP level 5. HP: 41/41 MP: 1/9
  4617 | D:4      | Reached skill level 5 in Conjurations
  4901 | D:4      | Reached XP level 6. HP: 51/51 MP: 5/11
  4925 | D:4      | Learned a level 4 spell: Fulminant Prism
  4930 | D:4      | Learned a level 4 spell: Iskenderun's Mystic Blast
  5017 | D:3      | Killed Pargi
  5244 | D:4      | Found Fraech's Dragon-Slaying Spoils.
  5244 | D:4      | Noticed Eustachio
  5257 | D:4      | Killed Eustachio
  5258 | D:4      | Your scales start taking on a fiery red colour.
  5258 | D:4      | Reached XP level 7. HP: 40/58 MP: 2/12
  5258 | D:4      | Gained mutation: Your flesh is heat resistant. (rF+) [Red
                  | Draconian growth]
  5540 | D:4      | Reached skill level 1 in Hexes
  5540 | D:4      | Reached skill level 1 in Translocations
  6028 | D:4      | Found a glowing golden altar of the Shining One.
  6030 | D:4      | Noticed Blork the orc
  6039 | D:4      | Killed Blork the orc
  6040 | D:4      | Reached skill level 1 in Fire Magic
  6145 | D:4      | Found an ornate altar of the Wu Jian Council.
  6298 | D:5      | Entered Level 5 of the Dungeon
  6441 | D:5      | Reached skill level 1 in Evocations
  6441 | D:5      | Reached XP level 8. HP: 63/67 MP: 10/14
  6467 | D:5      | Found a sand-covered staircase.
  6478 | Ossuary  | Entered an ossuary
  6600 | Ossuary  | Reached skill level 6 in Conjurations
  7267 | D:5      | Reached skill level 5 in Fighting
  7887 | D:5      | Noticed Menkaure
  7894 | D:5      | Killed Menkaure
  8179 | D:5      | Found a staircase to the Ecumenical Temple.
  8189 | Temple   | Entered the Ecumenical Temple
  8342 | Temple   | Became a worshipper of Vehumet
  8749 | D:5      | HP: 1/103 [poisoned by a water moccasin]
  8750 | D:5      | Succumbed to a water moccasin's poison

Illustrated notes

Levels and vault maps discovered:
D:1:      ebering_hopf_link, layout_basic, serial_shops, shop_coins,
          nicolae_shop_hallway_plus, nicolae_shop_crystal,
          nicolae_shop_behind_doors, shop, corner_web_ring
D:2:      layout_loops_corners, basic_ecumenical_altar, bh_walls_and_bars
D:3:      layout_basic, kennysheep_generic_room_9, uniq_pargi, uniq_robin,
          uniq_ijyb
D:4:      layout_loops_ring, tso_metal_star, kennysheep_mini_moat,
          eino_small_chamber_without_monster, nicolae_shop_dragon_depot,
          hangedman_decor_growths, minmay_vboxes, uniq_eustachio,
          uniq_blork_the_orc
D:5:      minmay_chambers_of_threes, layout_cave_pools,
          minmay_temple_entry_poolview, enter_ossuary_3, uniq_menkaure
Temple:   mainiacjoe_temple_big_plus

Skill      XL: |  1  2  3  4  5  6  7  8 |
---------------+-------------------------+-----
Fighting       | 1 2 3 4 5 |  5.4
Stealth        | 2 3 |  3.7
Dodging        | 2 3 |  3.5
Spellcasting   | 3 4 |  4.9
Conjurations   | 5 6 |  6.5
Hexes          | 1 2 |  2.0
Translocations | 1 2 |  2.0
Fire Magic     | 2 3 |  3.6
Evocations     | 1 2 |  2.8

Action                   |  1- 3 |  4- 6 |  7- 9 || total
-------------------------+-------+-------+-------++-------
Melee: Unarmed           |    15 |    41 |    41 ||    97
       Tailslap          |     1 |     3 |     8 ||    12
       Punch             |       |     3 |     2 ||     5
 Cast: Magic Dart        |    79 |    32 |    16 ||   127
       Searing Ray       |     3 |    25 |    46 ||    74
       Fulminant Prism   |       |       |     1 ||     1
 Abil: Breathe Fire      |       |       |     9 ||     9
  Use: Potion            |       |       |     2 ||     2
 Stab: Sleeping          |     1 |       |       ||     1
Armor: Skin              |     5 |    39 |    45 ||    89
Dodge: Dodged            |    17 |    77 |    69 ||   163
Block: Other             |     1 |    27 |    31 ||    59
